 Dungeon Crawl Stone Soup version 0.24-a0-498-ge00f04a389 (webtiles) character file.

Game seed: 9253894492844087729

0 Gargoyl the Skirmisher (level 1, -3/19 HPs)
             Began as a Centaur Abyssal Knight on July 14, 2019.
             Was a Follower of Lugonu.
             Killed from afar by a raiju (11 damage)
             ... with a living lightning
             ... on level 3 of the Abyss.
             The game lasted 00:00:39 (175 turns).

Gargoyl the Skirmisher (Centaur Abyssal Knight)      Turns: 175, Time: 00:00:40

Health: -3/19      AC:  4    Str: 14    XL:     1   Next: 0%
Magic:  2/2        EV:  9    Int: 11    God:    Lugonu [*.....]
Gold:   29         SH:  0    Dex:  8    Spells: 0/0 levels left

rFire    . . .     SeeInvis .   a - +1 hand axe
rCold    . . .     Gourm    .   (no shield)
rNeg     . . .     Faith    .   b - +0 leather armour
rPois    .         Spirit   .   (no helmet)
rElec    .         Reflect  .   (no cloak)
rCorr    .         Harm     .   (no gloves)
MR       .....                  (no barding)
Stlth    ..........             (no amulet)
HPRegen  0.00/turn              (no ring)
MPRegen  0.08/turn              (no ring)

@: non-regenerating, mildly diseased, very quick
A: large, hooves 3, deformed body, speed 2, tough skin 3
a: Depart the Abyss, Renounce Religion


You were on level 3 of the Abyss.
You worshipped Lugonu.
Lugonu was aware of your devotion.
You were not hungry.

You visited 0 branches of the dungeon, and saw 0 of its levels.
You visited the Abyss 1 time.

You collected 29 gold pieces.

Inventory:

Hand Weapons
 a - a +1 hand axe (weapon)
Armour
 b - a +0 leather armour (worn)
Scrolls
 d - a scroll of teleportation
Comestibles
 c - 2 rations


   Skills:
 + Level 3.0 Fighting
 + Level 1.7 Axes
 + Level 1.3 Armour
 + Level 0.6 Dodging
 + Level 2.0 Invocations


You couldn't memorise any spells.
You didn't know any spells.
Your spell library was empty.

Dungeon Overview and Level Annotations

Branches:
Dungeon (0/15)

Altars:


Innate Abilities, Weirdness & Mutations

You have hooves in place of feet.
Armour fits poorly on your strangely shaped body.
You cover ground very quickly.
You have extremely tough skin. (AC +3)


Message History

You hear a shout!
An ancient zyme comes into view.
You feel yourself growing ill in the presence of the ancient zyme.
The small abomination hits you!
Ouch! That really hurt!
You hear a shout!
You feel ill.
A raiju comes into view.
The raiju barks!
The raiju bursts into living lightning!
The living lightning misses you.
The raiju blinks!
Found a scroll of teleportation.
You see here a scroll of teleportation.
d - a scroll of teleportation The raiju closely misses you.
Found 56 gold pieces.
The raiju bursts into living lightning!
The living lightning misses you. The living lightning hits you!
Ouch! That really hurt!
You die...

##. #.##.. ##. .. ##..
###.#....## .###
##..#§###.# ..#
##...##...#.#.x#...#...
.#.....##...#x.##...#.#.
......#.....h##.# .....
#....#.#....# .$. §...#
#....#..#..#...## .#
#..#@####....## .# . ...
#...# ##.#....# #
....#.# #...##.#
###...?# #.# .# .... #
.. ...##. #.. . ... ..


You could see a raiju and a small abomination.

Vanquished Creatures (others)
  A quicksilver dragon simulacrum (Abyss:3)
1 creature vanquished.

Notes
Turn   | Place    | Note
-------+----------+-------------------------------------------
     0 | Abyss:1  | Gargoyl the Centaur Abyssal Knight began the quest for the
                  | Orb.
     0 | Abyss:1  | Reached XP level 1. HP: 19/19 MP: 2/2
    99 | Abyss:3  | Noticed a small abomination
   128 | Abyss:3  | Noticed a balrug
   143 | Abyss:3  | Noticed a large abomination
   155 | Abyss:3  | Noticed an ancient zyme
   161 | Abyss:3  | Noticed a raiju
   168 | Abyss:3  | Killed a quicksilver dragon simulacrum
   175 | Abyss:3  | Killed from afar by a raiju

Levels and vault maps discovered:
Abyss:3:  minivault_25, due_evilmike_abyss_rune_seething_liches

Action                   || total
-------------------------++-------
  Use: Scroll            ||     2
Dodge: Dodged            ||     3

Table legend:
 A = Non-vault XP
 B = Vault XP
 C = Vault XP percentage of total XP
 D = Non-vault monster count
 E = Vault monster count
 F = Vault count percentage of total count
                 A         B        C        D         E       F
            +---------+---------+-------+---------+---------+-------
      Total |       0 |       0 |   N/A |       0 |       0 |  -nan
            +---------+---------+-------+---------+---------+-------
            +---------+---------+-------+---------+---------+-------
